APL (24 & UNDER)
SAVANNAH HOGS @ ATHENS ASSASSINS
05/05/2028
 
TOP OF THE 1ST
Savannah Hogs batting - Pitching for Athens Assassins : RHP Juan Carlos Guerrero
Pitching: RHP Juan Carlos Guerrero
Batting: RHB Ramón Gómez 0-0: Foul Ball, location: 2F
0-1: Swinging Strike
0-2: Ball
1-2: Strikes out swinging
Batting: RHB Guillermo González 0-0: Foul Ball, location: 2F
0-1: Ball
1-1: SINGLE (Groundball, 56D)
Batting: RHB Henry Haines 0-0: Ball
1-0: Swinging Strike
1-1: Ball
2-1: SINGLE (Groundball, 56D)
Guillermo González to second
Batting: LHB Juan Vásquez 0-0: Called Strike
Throwing error on steal attempt, E2
Guillermo González scores
Henry Haines to third
0-1: SINGLE (Flyball, 89S)
Henry Haines scores
Batting: RHB Alex Whitehead 0-0: Ball
1-0: Ball
2-0: Called Strike
2-1: Swinging Strike
Passed Ball!
Juan Vásquez to second
2-2: Foul Ball, location: 2F
2-2: Fly out, F9 (Flyball, 9LD)
Runner from 2nd tags up, SAFE at 3rd, no throw
Batting: LHB Miguel Medellín 0-0: Ground out 5-3 (Groundball, 56)
Top of the 1st over - 2 run(s), 3 hit(s), 1 error(s), 1 left on base; Savannah 2 - Athens 0
BOTTOM OF THE 1ST
Athens Assassins batting - Pitching for Savannah Hogs : RHP Esteban Ramírez
Pitching: RHP Esteban Ramírez
Batting: LHB Miguel García 0-0: Foul Ball, location: 2F
0-1: Ball
1-1: Foul Ball, location: 2F
1-2: Ground out 1-3 (Groundball, P)
Batting: RHB Millard Long 0-0: Ball
1-0: Ball
2-0: Foul Ball, location: 2F
2-1: Fly out, F9 (Flyball, 89M)
Batting: RHB Jimmy King 0-0: Called Strike
0-1: SINGLE (Line Drive, 78M)
Batting: LHB Milo Glenn 0-0: Called Strike
0-1: Foul Ball, location: 2F
0-2: Foul Ball, location: 2F
0-2: Foul Ball, location: 2F
0-2: Ball
1-2: Strikes out swinging
Bottom of the 1st over - 0 run(s), 1 hit(s), 0 error(s), 1 left on base; Savannah 2 - Athens 0
TOP OF THE 2ND
Savannah Hogs batting - Pitching for Athens Assassins : RHP Juan Carlos Guerrero
Batting: LHB Marv Gardner 0-0: Foul Ball, location: 2F
0-1: Foul Ball, location: 2F
0-2: Fly out, F4 (Popup, 4MD)
Batting: RHB Jorge Garza 0-0: Ball
1-0: Called Strike
1-1: Ball
2-1: Ball
3-1: Fly out, F7 (Flyball, 7S)
Batting: LHB Marv Alexander 0-0: Ball
1-0: Ball
2-0: Called Strike
2-1: Swinging Strike
2-2: Foul Ball, location: 2F
2-2: Fly out, F8 (Flyball, 8LD)
Top of the 2nd over - 0 run(s), 0 hit(s), 0 error(s), 0 left on base; Savannah 2 - Athens 0
BOTTOM OF THE 2ND
Athens Assassins batting - Pitching for Savannah Hogs : RHP Esteban Ramírez
Batting: RHB Ryan Jackson 0-0: Ball
1-0: Ball
2-0: Called Strike
2-1: Ball
3-1: Foul Ball, location: 2F
3-2: Base on Balls
Batting: LHB Roy Woods 0-0: DOUBLE (Line Drive, 5D)
Ryan Jackson to third
Batting: RHB Bill Davis 0-0: Ball
1-0: Ball
2-0: Called Strike
2-1: Ground out 5-3 (Groundball, 56)
Ryan Jackson scores
Batting: RHB Maximino Abbado 0-0: Ball
1-0: Called Strike
1-1: Ball
2-1: Called Strike
2-2: SINGLE (Line Drive, 34D)
Roy Woods to third
Runner from 3rd tries for Home, SAFE, throw made home
Batting: RHB Alfonso Flores 0-0: Ball
Maximino Abbado is caught stealing 2nd base
1-0: Called Strike
1-1: Foul Ball, location: 2F
1-2: Ball
2-2: Reached on error, E4 (Groundball, 4)
Batting: LHB Miguel García 0-0: Ball
1-0: Ball
2-0: Called Strike
2-1: Fly out, F9 (Line Drive, 89M)
Bottom of the 2nd over - 2 run(s), 2 hit(s), 1 error(s), 1 left on base; Savannah 2 - Athens 2
TOP OF THE 3RD
Savannah Hogs batting - Pitching for Athens Assassins : RHP Juan Carlos Guerrero
Batting: RHB Ramón Gómez 0-0: Ground out 6-3 (Groundball, 6)
Batting: RHB Guillermo González 0-0: Foul Ball, location: 2F
0-1: Called Strike
0-2: Strikes out swinging
Batting: RHB Henry Haines 0-0: Called Strike
0-1: Swinging Strike
0-2: SINGLE (Line Drive, 89S)
Batting: LHB Juan Vásquez 0-0: Ground out U3 (Groundball, 34S)
Top of the 3rd over - 0 run(s), 1 hit(s), 0 error(s), 1 left on base; Savannah 2 - Athens 2
BOTTOM OF THE 3RD
Athens Assassins batting - Pitching for Savannah Hogs : RHP Esteban Ramírez
Batting: RHB Millard Long 0-0: Ball
1-0: Foul Ball, location: 2F
1-1: Ball
2-1: Called Strike
2-2: Foul Ball, location: 2F
2-2: Strikes out swinging
Batting: RHB Jimmy King 0-0: Ball
1-0: Ball
2-0: Ball
3-0: Called Strike
3-1: Foul Ball, location: 2F
3-2: Reached on error, E1 (Groundball, 13S)
Batting: LHB Milo Glenn 0-0: Called Strike
0-1: Ball
Jimmy King is caught stealing 2nd base
1-1: Called Strike
1-2: Ball
2-2: Fly out, F7 (Flyball, 7S)
Bottom of the 3rd over - 0 run(s), 0 hit(s), 1 error(s), 0 left on base; Savannah 2 - Athens 2
TOP OF THE 4TH
Savannah Hogs batting - Pitching for Athens Assassins : RHP Juan Carlos Guerrero
Batting: RHB Alex Whitehead 0-0: Swinging Strike
0-1: Ball
1-1: Ball
2-1: Reached on error, E6 (Groundball, 6)
Batting: LHB Miguel Medellín 0-0: Ball
Throwing error on steal attempt, E2
Alex Whitehead to third
1-0: Ball
2-0: Ball
3-0: Base on Balls
Batting: LHB Marv Gardner 0-0: Ball
1-0: SINGLE (Groundball, 34D)
Alex Whitehead scores
Miguel Medellín to second
Runner from 2nd tries for 3rd, SAFE, throw made to third
Batting: RHB Jorge Garza 0-0: Foul Ball, location: 2F
0-1: Swinging Strike
0-2: Strikes out swinging
Batting: LHB Marv Alexander 0-0: Ball
1-0: Ball
2-0: Ball
3-0: Base on Balls
Marv Gardner to second
Batting: RHB Ramón Gómez 0-0: SINGLE (Groundball, 6M) (infield hit)
Miguel Medellín scores
Marv Gardner to third
Marv Alexander to second
Batting: RHB Guillermo González 0-0: Foul Ball, location: 2F
0-1: Called Strike
0-2: Ball
1-2: Strikes out looking
Batting: RHB Henry Haines 0-0: Ball
1-0: Ball
2-0: Ball
3-0: Base on Balls
Marv Gardner scores
Marv Alexander to third
Ramón Gómez to second
Batting: LHB Juan Vásquez 0-0: Ball
1-0: Ball
2-0: Called Strike
2-1: Fly out, F6 (Popup, 56D)
Top of the 4th over - 3 run(s), 2 hit(s), 2 error(s), 3 left on base; Savannah 5 - Athens 2
BOTTOM OF THE 4TH
Athens Assassins batting - Pitching for Savannah Hogs : RHP Esteban Ramírez
Batting: RHB Ryan Jackson 0-0: Ball
1-0: Ball
2-0: Foul Ball, location: 2F
2-1: Ball
3-1: Ground out 4-3 (Groundball, 4)
Batting: LHB Roy Woods 0-0: Ball
1-0: Fly out, F8 (Flyball, 8RS)
Batting: RHB Bill Davis 0-0: Called Strike
0-1: Foul Ball, location: 2F
0-2: DOUBLE (Flyball, 9LM)
Batting: RHB Maximino Abbado 0-0: Called Strike
0-1: Foul Ball, location: 2F
0-2: Ball
1-2: Foul Ball, location: 2F
1-2: Strikes out looking
Bottom of the 4th over - 0 run(s), 1 hit(s), 0 error(s), 1 left on base; Savannah 5 - Athens 2
TOP OF THE 5TH
Savannah Hogs batting - Pitching for Athens Assassins : RHP Juan Carlos Guerrero
Batting: RHB Alex Whitehead 0-0: Swinging Strike
0-1: Swinging Strike
0-2: Strikes out swinging
Batting: LHB Miguel Medellín 0-0: Called Strike
0-1: Ball
1-1: Called Strike
1-2: Ground out 4-3 (Groundball, 4)
Batting: LHB Marv Gardner 0-0: Called Strike
0-1: Called Strike
0-2: Strikes out looking
Top of the 5th over - 0 run(s), 0 hit(s), 0 error(s), 0 left on base; Savannah 5 - Athens 2
BOTTOM OF THE 5TH
Athens Assassins batting - Pitching for Savannah Hogs : RHP Esteban Ramírez
Batting: RHB Alfonso Flores 0-0: Ball
1-0: Ground out 5-3 (Groundball, 56)
Batting: LHB Miguel García 0-0: Swinging Strike
0-1: Ball
1-1: Swinging Strike
1-2: Ground out 4-3 (Groundball, 4)
Batting: RHB Millard Long 0-0: Reached on error, E4 (Groundball, 4)
Batting: RHB Jimmy King 0-0: Ball
1-0: Fly out, F2 (Popup, 13S)
Bottom of the 5th over - 0 run(s), 0 hit(s), 1 error(s), 1 left on base; Savannah 5 - Athens 2
TOP OF THE 6TH
Savannah Hogs batting - Pitching for Athens Assassins : RHP Juan Carlos Guerrero
Pitching: RHP António Molina
Batting: RHB Jorge Garza 0-0: Ball
1-0: Swinging Strike
1-1: Ball
2-1: Ball
3-1: Base on Balls
Batting: LHB Marv Alexander 0-0: Ball
1-0: Fielders Choice at 2nd, 1-4 (Groundball, 15S)
Batting: RHB Ramón Gómez 0-0: Ball
1-0: Ball
Marv Alexander steals 2nd base
2-0: Ball
3-0: Called Strike
3-1: Called Strike
3-2: Strikes out swinging
Batting: RHB Guillermo González 0-0: SINGLE (Groundball, 34D)
Marv Alexander to third
Runner from 3rd tries for Home, SAFE, no throw
Batting: RHB Henry Haines 0-0: Called Strike
0-1: Ball
1-1: Ball
2-1: Called Strike
2-2: Strikes out swinging
Top of the 6th over - 1 run(s), 1 hit(s), 0 error(s), 1 left on base; Savannah 6 - Athens 2
BOTTOM OF THE 6TH
Athens Assassins batting - Pitching for Savannah Hogs : RHP Esteban Ramírez
Batting: LHB Milo Glenn 0-0: Foul Ball, location: 2F
0-1: Ball
1-1: DOUBLE (Line Drive, 8LD)
Pitching: RHP Ramón Martínez
Batting: RHB Ryan Jackson 0-0: Called Strike
0-1: Foul Ball, location: 2F
0-2: SINGLE (Groundball, 4MD)
Milo Glenn to third
Batting: LHB Roy Woods 0-0: Called Strike
0-1: Grounds into double play, 6-4-3 (Groundball, 6M)
Milo Glenn scores
Batting: RHB Bill Davis 0-0: Ball
1-0: Called Strike
1-1: Ball
2-1: Ball
3-1: Foul Ball, location: 2F
3-2: Ground out 6-3 (Groundball, 6)
Bottom of the 6th over - 1 run(s), 2 hit(s), 0 error(s), 0 left on base; Savannah 6 - Athens 3
TOP OF THE 7TH
Savannah Hogs batting - Pitching for Athens Assassins : RHP António Molina
Batting: LHB Juan Vásquez 0-0: Swinging Strike
0-1: Foul Ball, location: 2F
0-2: Ball
1-2: Ball
2-2: Ball
3-2: Strikes out swinging
Batting: RHB Alex Whitehead 0-0: Ball
1-0: Ball
2-0: Called Strike
2-1: Ground out 4-3 (Groundball, 4)
Batting: LHB Miguel Medellín 0-0: Foul Ball, location: 2F
0-1: Ball
1-1: Ball
2-1: Ball
3-1: Swinging Strike
3-2: Strikes out looking
Top of the 7th over - 0 run(s), 0 hit(s), 0 error(s), 0 left on base; Savannah 6 - Athens 3
BOTTOM OF THE 7TH
Athens Assassins batting - Pitching for Savannah Hogs : RHP Ramón Martínez
Batting: RHB Maximino Abbado 0-0: Called Strike
0-1: Ball
1-1: Foul Ball, location: 2F
1-2: Strikes out swinging
Batting: RHB Alfonso Flores 0-0: Called Strike
0-1: Swinging Strike
0-2: Ground out 1-3 (Groundball, 13S)
Batting: LHB Miguel García 0-0: Ball
1-0: Called Strike
1-1: Fly out, F4 (Popup, 34D)
Bottom of the 7th over - 0 run(s), 0 hit(s), 0 error(s), 0 left on base; Savannah 6 - Athens 3
TOP OF THE 8TH
Savannah Hogs batting - Pitching for Athens Assassins : RHP António Molina
Batting: LHB Marv Gardner 0-0: Ball
1-0: Ball
2-0: Swinging Strike
2-1: Swinging Strike
2-2: Strikes out swinging
Batting: RHB Jorge Garza 0-0: Ball
1-0: Called Strike
1-1: Swinging Strike
1-2: Ball
2-2: Strikes out swinging
Batting: LHB Marv Alexander 0-0: Ball
1-0: Called Strike
1-1: Foul Ball, location: 2F
1-2: Ball
2-2: SINGLE (Line Drive, 4M)
Batting: RHB Ramón Gómez 0-0: Ball
Marv Alexander steals 2nd base
1-0: Ball
2-0: Ball
3-0: Base on Balls
Batting: RHB Guillermo González 0-0: SINGLE (Line Drive, 89S)
Marv Alexander to third
Ramón Gómez to second
Runner from 3rd tries for Home, SAFE, no throw
Pitching: LHP Ben Newman
Batting: RHB Henry Haines 0-0: Swinging Strike
0-1: Foul Ball, location: 2F
0-2: Strikes out swinging
Top of the 8th over - 1 run(s), 2 hit(s), 0 error(s), 2 left on base; Savannah 7 - Athens 3
BOTTOM OF THE 8TH
Athens Assassins batting - Pitching for Savannah Hogs : RHP Ramón Martínez
Batting: RHB Millard Long 0-0: Called Strike
0-1: Called Strike
0-2: Ground out 5-3 (Groundball, 56)
Batting: RHB Jimmy King 0-0: Foul Ball, location: 2F
0-1: Swinging Strike
0-2: Strikes out swinging
Batting: LHB Milo Glenn 0-0: Ball
1-0: Ball
2-0: Called Strike
2-1: Foul Ball, location: 2F
2-2: Strikes out swinging
Bottom of the 8th over - 0 run(s), 0 hit(s), 0 error(s), 0 left on base; Savannah 7 - Athens 3
TOP OF THE 9TH
Savannah Hogs batting - Pitching for Athens Assassins : LHP Ben Newman
Batting: LHB Juan Vásquez 0-0: SINGLE (Line Drive, 89M)
Batting: RHB Alex Whitehead 0-0: Called Strike
0-1: Fly out, F6 (Popup, 6)
Batting: LHB Miguel Medellín 0-0: Foul Ball, location: 2F
0-1: Ball
Juan Vásquez steals 2nd base
1-1: Intentional Walk
Batting: LHB Marv Gardner 0-0: Ball
1-0: Grounds into double play, 4-6-3 (Groundball, 4M)
Top of the 9th over - 0 run(s), 1 hit(s), 0 error(s), 1 left on base; Savannah 7 - Athens 3
BOTTOM OF THE 9TH
Athens Assassins batting - Pitching for Savannah Hogs : RHP Ramón Martínez
Batting: RHB Ryan Jackson 0-0: SINGLE (Line Drive, 7S)
Batting: LHB Roy Woods 0-0: Ball
1-0: Ball
2-0: Foul Ball, location: 2F
2-1: Fly out, F7 (Flyball, 7)
Batting: RHB Bill Davis 0-0: 2-RUN HOME RUN (Flyball, 7D), Distance : 366 ft
Pitching: RHP José Gonzáles
Batting: RHB Maximino Abbado 0-0: Ball
1-0: Ball
2-0: Fly out, F4 (Popup, 4D)
Batting: RHB Alfonso Flores 0-0: Ball
1-0: Foul Ball, location: 2F
1-1: Fly out, F9 (Flyball, 9S)
Bottom of the 9th over - 2 run(s), 2 hit(s), 0 error(s), 0 left on base; Savannah 7 - Athens 5
Tuesday, August 8th, 2017 - OOTP Baseball 17.12 Build 75